 Dungeon Crawl Stone Soup version 0.30.0-20-g3615ddf2f0 (webtiles) character file.

Game seed: 10123843683387929545

91 qw the Chopper (level 4, -4/28 HPs)
             Began as a Gargoyle Fighter on May 31, 2023.
             Slain by an orc priest
             ... wielding a +0 trident
              (7 damage)
             ... on level 3 of the Dungeon.
             The game lasted 00:00:34 (1612 turns).

qw the Chopper (Gargoyle Fighter)                   Turns: 1612, Time: 00:00:34

Health: -4/28      AC: 10    Str: 22    XL:     4   Next: 59%
Magic:  4/4        EV:  9    Int:  8    God:
Gold:   116        SH:  4    Dex:  9    Spells: 3/3 levels left

rFire   . . .        Y - +1 war axe
rCold   . . .        c - +0 buckler
rNeg    + . .        b - +0 scale mail
rPois   inf          (no helmet)
rElec   +            (no cloak)
rCorr   .            (no gloves)
SInv    .            (no boots)
Will    .....        (no amulet) Stlth
                     (no ring)
HPRegen 0.24/turn    (no ring)
MPRegen 0.09/turn

%: no passive effects
@: no status effects
A: sickness immunity, AC +3, negative energy resistance 1, electricity
resistance, torment resistance 1, petrification resistance
a: no special abilities


You were on level 3 of the Dungeon.
You visited 1 branch of the dungeon, and saw 3 of its levels.

You collected 116 gold pieces.


Innate Abilities, Weirdness & Mutations

You are immune to sickness and miasma.
Your stone body is resilient. (AC +3)
You are immune to poison.
You resist negative energy. (rN+)
You are resistant to electric shocks. (rElec)
You are resistant to unholy torment.
You are immune to petrification.


   Skills:
 - Level 3.2 Fighting
 + Level 4.2 Axes
 - Level 3.2 Armour
 - Level 3.2 Shields


You had 3 spell levels left.
You didn't know any spells.
Your spell library was empty.

Inventory:

Hand Weapons
 e - a +0 flail
 Y - a +1 war axe (weapon)
Missiles
 k - 3 boomerangs (quivered)
Armour
 b - a +0 scale mail (worn)
 c - a +0 buckler (worn)
Scrolls
 g - a scroll of poison {unknown}
Potions
 a - a potion of flight {unknown}
 d - a potion of might
 f - a potion of degeneration {unknown}
 h - a potion of berserk rage {unknown}
 i - a potion of heal wounds {unknown}
 j - a potion of curing {unknown}
 l - a potion of cancellation {unknown}
 m - a potion of attraction {unknown}

Dungeon Overview and Level Annotations

Branches:
Dungeon (3/15)

Altars:
Fedhas


Message History

Enter note:
Enter note:
Enter note:
Enter note: You throw a boomerang.
The orc shouts!
The boomerang hits the orc.
The orc is moderately wounded.
You hear a shout!
A goblin comes into view. It is wielding a +0 dagger.
You throw a boomerang. The boomerang barely misses the goblin.
You barely miss the goblin.
An orc priest comes into view. It is wielding a +0 trident.
The goblin hits you with a +0 club.
You hit the orc but do no damage.
The orc is moderately wounded.
You hit the goblin.
You kill the goblin!
You block the orc's attack.
You hit the orc.
You kill the orc!
The orc priest calls down the wrath of Beogh upon you.
Beogh smites you!
Ouch! That really hurt!
The goblin hits you but does no damage.
You hit the goblin.
The goblin is severely wounded.
The goblin hits you but does no damage.
You closely miss the goblin.
The goblin is severely wounded.
The goblin hits you but does no damage. You block the orc priest's attack.
You closely miss the goblin.
The goblin is severely wounded.
The goblin completely misses you. The orc priest barely misses you.
The orc priest hits you from afar with a +0 trident!
The goblin closely misses you.
You hit the goblin.
You kill the goblin!
The orc priest hits you from afar with a +0 trident!
You die...

.................###.##
##.###..........## ###
##..%##.##########
#o........>.#
#...<##.###.# #.#o###.#
# #. #o# #. #)# o. #@#
.. #.)...... ..#
#...#.### ......
......# .........
......!### ##.....##


You could see an orc priest.

Vanquished Creatures
  Terence (D:2)
  3 gnolls (D:2)
  2 worms
  2 orcs (D:3)
  3 ball pythons
  4 bats
  3 endoplasms
  A giant cockroach (D:2)
  2 hobgoblins (D:2)
  A quokka (D:2)
  2 frilled lizards
  3 goblins (D:3)
  3 kobolds
  2 rats
32 creatures vanquished.

Notes
Turn   | Place    | Note
-------+----------+-------------------------------------------
     0 | D:1      | qw the Gargoyle Fighter began the quest for the Orb.
     0 | D:1      | Reached XP level 1. HP: 14/14 MP: 1/1
     0 | D:1      | 0 ||| qw: Version: 0.2-a-102-gfc559e5
     0 | D:1      | 0 ||| qw: Game counter: 574
     0 | D:1      | 0 ||| qw: Always use a shield: true
     0 | D:1      | 0 ||| qw: God list: Okawaru
     0 | D:1      | 0 ||| qw: Allow faded altars: false
     0 | D:1      | 0 ||| qw: Do Orc after D:15 true
     0 | D:1      | 0 ||| qw: Do second Lair branch before Depths: true
     0 | D:1      | 0 ||| qw: Lair rune preference: random
     0 | D:1      | 0 ||| qw: Plans: Normal, Zot:1-4, Slime:5, God:TSO, Crypt,
                  | Tomb, Pan, Hells, Abyss, Win
     0 | D:1      | 0 ||| PLANNING D:1-11
   152 | D:1      | Reached skill level 2 in Axes
   612 | D:1      | 612 ||| READING scroll labelled WAESUA NOUNUOPS.
   613 | D:1      | 613 ||| READING scroll labelled WUGEDGHU NEGELL.
   614 | D:1      | 614 ||| READING scroll labelled HEGAIP EDUVARA.
   713 | D:2      | Reached XP level 2. HP: 19/19 MP: 2/2
   729 | D:2      | Found a blossoming altar of Fedhas.
   751 | D:2      | Noticed Terence
   761 | D:2      | Killed Terence
   762 | D:2      | Reached skill level 3 in Axes
   762 | D:2      | Reached XP level 3. HP: 9/23 MP: 3/3
   846 | D:2      | Reached XP level 4. HP: 14/28 MP: 4/4
   846 | D:2      | HP: 4/28 [gnoll/+0 halberd (10)]
   848 | D:2      | Reached skill level 4 in Axes
   944 | D:2      | 944 ||| DROPPING +0 club.
  1307 | D:2      | 1307 ||| READING scroll labelled SUC FUMMUUKHELAU.
  1353 | D:3      | 1353 ||| Stepping ~*~*~tactically~*~*~ (stealth).
  1402 | D:3      | 1402 ||| Stepping ~*~*~tactically~*~*~ (stealth).
  1404 | D:3      | 1404 ||| Stepping ~*~*~tactically~*~*~ (stealth).
  1405 | D:3      | 1405 ||| Stepping ~*~*~tactically~*~*~ (stealth).
  1406 | D:3      | 1406 ||| Stepping ~*~*~tactically~*~*~ (stealth).
  1407 | D:3      | 1407 ||| Stepping ~*~*~tactically~*~*~ (stealth).
  1479 | D:3      | 1479 ||| Stepping ~*~*~tactically~*~*~ (stealth).
  1580 | D:3      | 1580 ||| Stepping ~*~*~tactically~*~*~ (stealth).
  1585 | D:3      | 1585 ||| Stepping ~*~*~tactically~*~*~ (stealth).
  1593 | D:3      | 1593 ||| Stepping ~*~*~tactically~*~*~ (stealth).
  1594 | D:3      | 1594 ||| Stepping ~*~*~tactically~*~*~ (stealth).
  1597 | D:3      | 1597 ||| Stepping ~*~*~tactically~*~*~ (stealth).
  1611 | D:3      | HP: 3/28 [orc priest/+0 trident (8)]
  1612 | D:3      | Slain by an orc priest

Levels and vault maps discovered:
D:1:      heliophobic_arrival_enchanted_forest, layout_basic
D:2:      layout_basic, basic_altar, kennysheep_decorative_pillar,
          nicolae_figureground_sparkle, uniq_terence
D:3:      layout_loops_ring, lemuel_blue_sif_altar, minmay_misc_feat_room,
          uniq_sigmund

Skill      XL: |  1  2  3  4 |
---------------+-------------+-----
Axes           | 2 3 4 |  4.2
Fighting       | |  3.2
Armour         | |  3.2
Shields        | |  3.2

Action                     |  1- 3 |  4- 6 || total
---------------------------+-------+-------++-------
  Melee: War axe           |    36 |    29 ||    65
  Throw: Boomerang         |     7 |    22 ||    29
    Use: Scroll            |     3 |     1 ||     4
 Armour: Scale mail        |    19 |    14 ||    33
  Dodge: Dodged            |    16 |    10 ||    26
  Block: Buckler           |     3 |     8 ||    11

Table legend:
 A = Non-vault XP
 B = Vault XP
 C = Vault XP percentage of total XP
 D = Non-vault monster count
 E = Vault monster count
 F = Vault count percentage of total count
                 A         B        C        D         E       F
            +---------+---------+-------+---------+---------+-------
      Total |      95 |      38 |  28.6 |      31 |       1 |   3.1
            +---------+---------+-------+---------+---------+-------
        D:1 |       8 |       0 |   0.0 |       5 |       0 |   0.0
        D:2 |      64 |      38 |  37.3 |      15 |       1 |   6.2
        D:3 |      23 |       0 |   0.0 |      11 |       0 |   0.0
            +---------+---------+-------+---------+---------+-------
